 Dungeon Crawl Stone Soup version 0.30-a0-672-gc3a7216ad8 (webtiles) character file.

Game seed: 546718760661068371

7405 lessens the Severer (level 10, 0/129 HPs)
             Began as a Purple Draconian Berserker on Jan 18, 2023.
             Was an Elder of Trog.
             Slain by a vampire (1 damage)
             ... on level 9 of the Dungeon.
             The game lasted 00:17:08 (9669 turns).

lessens the Severer (Purple Draconian Berserker)    Turns: 9669, Time: 00:17:08

Health: 0/129      AC:  9    Str: 23    XL:     10   Next: 92%
Magic:  10/10      EV: 15    Int:  8    God:    Trog [****..]
Gold:   821        SH:  0    Dex: 18    Spells: 9/9 levels left

rFire   . . .      SeeInvis .    R - +0 battleaxe
rCold   + . .      Faith    .    (shield currently unavailable)
rNeg    . . .      Spirit   .    (body armour unavailable)
rPois   .          Reflect  .    (helmet restricted)
rElec   .          Harm     .    F - +0 cloak
rCorr   .          Rampage  .    (no gloves)
Will    ++...                    i - +0 pair of boots Stlth
                                 J - amulet of regeneration
HPRegen 1.21/turn                n - ring "Oliorhaps" {rC+ Dex+7}
MPRegen 0.12/turn                K - ring of willpower

@: berserking, lethally poisoned (0 -> 0), marked, very quick
A: breathe power, AC +7, unfitting armour, cold-blooded
a: Breathe Dispelling Energy, Renounce Religion, Berserk, Trog's Hand, Brothers
in Arms


You were on level 9 of the Dungeon.
You worshipped Trog.
Trog was greatly pleased with you.
You visited 2 branches of the dungeon, and saw 10 of its levels.
You also visited: Sewer.

You collected 866 gold pieces.
You spent 45 gold pieces at shops.

Inventory:

Hand Weapons
 a - a +0 hand axe
 e - a +2 whip of electrocution
 x - a +0 war axe
 R - a +0 battleaxe (weapon)
Missiles
 b - 64 stones
 p - 4 boomerangs
 s - 5 poisoned darts (quivered)
 t - 5 curare-tipped darts
 B - 5 boomerangs of dispersal
Armour
 i - a +0 pair of boots (worn)
 F - a +0 cloak (worn)
Jewellery
 n - the ring "Oliorhaps" (left hand) {rC+ Dex+7}
   (You found it on level 2 of the Dungeon)

   [ring of protection from cold]

   Dex:       It affects your dexterity (+7).
   rC:        It protects you from cold.
 r - a ring of resist corrosion
 J - an amulet of regeneration (around neck)
 K - a ring of willpower (right hand)
Wands
 w - a wand of iceblast (12)
 Q - a wand of paralysis (4)
Scrolls
 c - 6 scrolls of teleportation
 d - 3 scrolls of blinking
 g - a scroll of torment {unknown}
 l - a scroll of fear {unknown}
 q - 3 scrolls of vulnerability
 y - a scroll of acquirement {unknown}
 z - a scroll of summoning {unknown}
 D - a scroll of enchant armour
 H - a scroll of magic mapping {unknown}
 N - a scroll of immolation {unknown}
 P - a scroll of enchant weapon
 S - a scroll of silence
Potions
 f - 3 potions of degeneration
 h - 7 potions of curing
 j - a potion of might {unknown}
 m - 3 potions of brilliance
 o - a potion of mutation {unknown}
 u - 4 potions of flight
 v - a potion of heal wounds
 A - 2 potions of ambrosia
 C - 2 potions of haste
 E - a potion of berserk rage {unknown}
 G - 3 potions of attraction
 I - a potion of lignification {unknown}
 L - a potion of invisibility
 M - 2 potions of magic
 O - a potion of cancellation


   Skills:
 - Level 7.0 Fighting
 * Level 15.1 Axes
 + Level 5.3 Dodging


You had 9 spell levels left.
You didn't know any spells.
Your spell library was empty.

Dungeon Overview and Level Annotations

Branches:
Dungeon (9/15) Zot: 26553  Temple (1/1) D:4 Zot: 5890   Sewer (visited)
   Lair: D:8-11         Orc: D:9-12

Altars:
Ashenzari
Cheibriados
Dithmenos
Elyvilon
Fedhas
Gozag
Hepliaklqana
Kikubaaqudgha
Makhleb
Okawaru
Qazlal
Sif Muna
Trog
Uskayaw
Vehumet
Wu Jian
Xom
Zin
The Shining One

Shops:
D:2 (   D:8 *


Innate Abilities, Weirdness & Mutations

You can breathe bolts of dispelling energy.
Your rich purple scales are hard. (AC +7)
You cannot fit into any form of body armour.
You are cold-blooded and may be slowed by cold attacks.


Message History

You hit something but do no damage. Something hits you. Something bites you!
Something draws strength from your injuries!
You miss something. Something barely misses you. x2
A red film seems to cover your vision as you go berserk!
You feel yourself moving faster!
You feel mighty! Something hits you. Something bites you.
Something draws strength from your injuries!
The kobold throws a poisoned dart.
The poisoned dart hits you!
You are poisoned.
You closely miss something.
Your tail-slap misses something.
You feel sick.
You completely miss something.
You feel sick.
A troll comes into view.
Something hits you. Something bites you!
Something draws strength from your injuries!
You closely miss something. Something hits you.
* * * LOW HITPOINT WARNING * * *
Something bites you.
* * * LOW HITPOINT WARNING * * *
Something draws strength from your injuries!
You slash something!
Your tail-slap misses something.
You feel sick. Something hits you!
* * * LOW HITPOINT WARNING * * *
Something bites you.
* * * LOW HITPOINT WARNING * * *
Something draws strength from your injuries!
You closely miss something.
Your tail-slap misses something.
You miss the bullfrog.
You feel sick. The bullfrog closely misses you.
You slice something!! You closely miss the bullfrog.
The bullfrog hits you but does no damage.
Something hits you.
* * * LOW HITPOINT WARNING * * *
Something bites you!
* * * LOW HITPOINT WARNING * * *
Something draws strength from your injuries!
You barely miss something.
Your tail-slap misses something.
You hit the bullfrog.
You feel sick. The bullfrog closely misses you.
You miss something. You slash the bullfrog!
You feel sick. Something hits you.
* * * LOW HITPOINT WARNING * * *
Something bites you.
You die... ...o##. ..... ....... #...# ....... #..o# ...# #.zD TK#

#{## #@)#
##F###
#S..#
###.##
#..##
##..#
##.# .
#.# .
#.#######
.


You could see an eight-headed hydra, a troll, a water moccasin, a bullfrog, a
wight, an orc and a kobold.

Vanquished Creatures
  A two-headed ogre (D:8)
  A cyclops (D:7)
  A gargoyle (D:7)
  A slime creature (D:7)
  A shadow (D:7)
  3 yaks (D:9)
  2 wyverns
  2 vampire mosquitoes
  2 steam dragons
  A water moccasin (D:6)
  An acid dragon (D:9)
  4 orc warriors
  3 ice beasts
  4 black bears
  4 ogres
  4 centaurs
  A phantom (D:6)
  6 bullfrogs
  4 kobold brigands
  A necrophage (D:4)
  2 gnoll sergeants
  3 scorpions
  9 wights
  8 howler monkeys
  4 hounds
  4 jellies
  An orc priest (D:5)
  Crazy Yiuf (D:6)
  Terence (D:2)
  4 iguanas
  8 orc wizards
  5 gnolls
  5 adders
  5 river rats
  A shadow imp (D:6)
  2 white imps
  A worm (D:5)
  A dart slug (D:1)
  27 orcs
  7 bats
  9 endoplasms
  5 giant cockroaches
  3 goblins
  9 hobgoblins
  7 jackals
  21 kobolds
  2 quokkas
  6 ball pythons
  2 frilled lizards (D:1)
  8 rats
218 creatures vanquished.

Vanquished Creatures (others)
  An orc wizard (D:9)
  4 plants (D:4)
5 creatures vanquished.

Grand Total: 223 creatures vanquished

Notes
Turn   | Place    | Note
-------+----------+-------------------------------------------
     0 | D:1      | lessens the Draconian Berserker began the quest for the
                  | Orb.
     0 | D:1      | Reached XP level 1. HP: 19/19 MP: 1/1
   100 | D:1      | Reached XP level 2. HP: 25/26 MP: 2/2
   281 | D:1      | Reached skill level 4 in Axes
   303 | D:1      | Reached XP level 3. HP: 24/31 MP: 3/3
   869 | D:2      | Identified the ring "Oliorhaps" {rC+ Dex+7}
   899 | D:2      | Found a faded altar of an unknown god.
  1021 | D:2      | Noticed Terence
  1117 | D:2      | Killed Terence
  1117 | D:2      | Reached ** piety under Trog
  1118 | D:2      | Reached skill level 5 in Axes
  1118 | D:2      | Reached XP level 4. HP: 38/38 MP: 4/4
  1585 | D:2      | Found Soerrael's Antique Weapon Boutique.
  1902 | D:3      | Reached XP level 5. HP: 45/45 MP: 5/5
  1903 | D:3      | Found a glowing drain.
  1918 | D:3      | Reached skill level 6 in Axes
  1927 | Sewer    | Entered a sewer
  2087 | Sewer    | Reached skill level 7 in Axes
  2087 | Sewer    | Reached XP level 6. HP: 31/51 MP: 6/6
  2189 | Sewer    | Found a white marble altar of Elyvilon.
  2259 | D:3      | Noticed a +0 short sword
  2259 | D:3      | Noticed a +0 spear
  2260 | D:3      | Noticed a +0 spear
  2261 | D:3      | Noticed a +0 dagger
  2261 | D:3      | Noticed a +0 falchion
  2261 | D:3      | Noticed a +0 falchion
  2261 | D:3      | Noticed a +0 dagger
  2263 | D:3      | Noticed a +0 short sword
  2300 | D:3      | Found a hide-covered altar of Uskayaw.
  2878 | D:3      | Found a blossoming altar of Fedhas.
  3285 | D:4      | Reached skill level 8 in Axes
  3285 | D:4      | Your scales start taking on a rich purple colour.
  3285 | D:4      | Reached XP level 7. HP: 36/57 MP: 7/7
  3425 | D:4      | Found a burning altar of Makhleb.
  3487 | D:4      | Reached *** piety under Trog
  3709 | D:4      | Found a staircase to the Ecumenical Temple.
  3809 | D:4      | Reached skill level 9 in Axes
  3856 | Temple   | Entered the Ecumenical Temple
  4287 | D:5      | Entered Level 5 of the Dungeon
  4311 | D:5      | Reached skill level 10 in Axes
  4311 | D:5      | Reached XP level 8. HP: 63/63 MP: 8/8
  4592 | D:5      | Found an ornate altar of the Wu Jian Council.
  5029 | D:5      | Found a shimmering altar of Xom.
  5540 | D:6      | Reached skill level 11 in Axes
  5775 | D:6      | Found an opulent altar of Gozag.
  6080 | D:6      | Found an ancient bone altar of Kikubaaqudgha.
  6343 | D:6      | Found a runed translucent door.
  6344 | D:6      | Noticed Crazy Yiuf
  6434 | D:6      | HP: 1/67 [ogre/+0 giant club (35)]
  6587 | D:6      | Reached XP level 9. HP: 34/72 MP: 9/9
  6802 | D:6      | Reached skill level 12 in Axes
  6959 | D:6      | Killed Crazy Yiuf
  6970 | D:6      | Identified the +8 hammer of Triumph {freeze, +Blink rF++
                  | Will- Str+3 SInv}
  7011 | D:6      | Reached skill level 5 in Fighting
  7327 | D:7      | Reached **** piety under Trog
  7545 | D:7      | Reached skill level 13 in Axes
  8049 | D:7      | Noticed a gargoyle
  8072 | D:7      | Killed a gargoyle
  8073 | D:7      | Reached XP level 10. HP: 84/86 MP: 10/10
  8339 | D:7      | Noticed a cyclops
  8348 | D:7      | Killed a cyclops
  8349 | D:7      | Reached skill level 14 in Axes
  8613 | D:8      | Found Geoczoyv's CLEARANCE SALE!.
  8616 | D:8      | Bought a scroll of blinking for 45 gold pieces
  8956 | D:8      | Noticed a two-headed ogre
  8965 | D:8      | Killed a two-headed ogre
  9196 | D:9      | Noticed a two-headed ogre
  9209 | D:9      | Noticed an eight-headed hydra
  9417 | D:9      | Reached skill level 5 in Dodging
  9435 | D:9      | Reached skill level 15 in Axes
  9667 | D:9      | HP: 4/129 [something (11)]
  9669 | D:9      | HP: 1/129 [something (3)]
  9669 | D:9      | Slain by a vampire

Illustrated notes

Levels and vault maps discovered:
D:1:      dpeg_arrival_rooms_c, layout_rooms, palyth_stone_intersect,
          st_stairs_9
D:2:      layout_basic, ebering_ecumenical_altar_box, serial_shops, shop,
          uniq_terence
D:3:      layout_rooms, fedhas_altar_4, nicolae_uskayaw_en_pointe,
          gup_sewer_entry_bubbles
D:4:      layout_cave_pods, makhleb_heckhound_becter,
          minmay_temple_entry_gardened_gates, minmay_misc_feat_nine_boxes
D:5:      layout_cave_pods, nicolae_overflow_hidden_temple,
          nzn_wu_jian_contemplation, hangedman_decor_lopped
D:6:      kennysheep_spiral_hall, layout_cave_pools,
          mainiacjoe_overflow_24_doors,
          nicolae_gozag_cash_rules_everything_around_me, lemuel_flamethrower_2,
          uniq_crazy_yiuf_cottage
D:7:      layout_gridville, minmay_the_grid_2x2 [minmay_the_grid_garden,
          minmay_the_grid_odd_star, minmay_the_grid_dragon_b,
          minmay_the_grid_prize_four_corners]
D:8:      layout_loops_cross, nicolae_shop_clearance
D:9:      layout_basic, grunt_temple_overflow_open, lair_entry_dummy,
          minmay_mirror_moons_of_madness
Temple:   nicolae_temple_no_exploring_needed

Skill      XL: |  1  2  3  4  5  6  7  8  9 10 |
---------------+-------------------------------+-----
Axes           | 4 5 7 8 10 11 13 15 | 15.1
Fighting       | 4 7 |  7.0
Dodging        | 5 |  5.3

Action                   |  1- 3 |  4- 6 |  7- 9 | 10-12 || total
-------------------------+-------+-------+-------+-------++-------
Melee: Hand axe          |    33 |       |       |       ||    33
       Tailslap          |     9 |    18 |    68 |    39 ||   134
       Whip              |    50 |   147 |   380 |   212 ||   789
       Punch             |     1 |     3 |     8 |     4 ||    16
       War axe           |       |       |     1 |       ||     1
       Battleaxe         |       |       |       |    35 ||    35
Throw: Stone             |     2 |     9 |     5 |       ||    16
       Dart              |       |    12 |     5 |     5 ||    22
       Boomerang         |       |       |     1 |       ||     1
Invok: Berserk           |       |     2 |     4 |     4 ||    10
 Abil: Breathe Dispellin |       |       |     8 |       ||     8
Evoke: Wand              |       |     1 |     1 |       ||     2
  Use: Scroll            |     1 |       |     1 |    13 ||    15
 Stab: Sleeping          |       |     2 |     2 |       ||     4
Armor: Skin              |    19 |    47 |   103 |    53 ||   222
Dodge: Dodged            |    52 |   102 |   191 |   129 ||   474

Table legend: (Time is in decaauts)
 A = Elapsed time spent in this place.
 B = Non-inter-level travel time spent in this place.
 C = Inter-level travel time spent in this place.
 D = Time resting spent in this place.
 E = Time spent auto-exploring this place.
 F = Levels seen in this place.
 G = Mean time per level.
                   A        B        C        D        E       F      G
               +--------+--------+--------+--------+--------+-----+--------+
         Total |   9623 |   9212 |    411 |    770 |   6507 |  11 |  874.8 |
       Dungeon |   9179 |   8768 |    411 |    620 |   6291 |   9 | 1019.9 |
        Temple |    109 |    109 |      0 |    105 |      0 |   1 |  109.0 |
         Sewer |    335 |    335 |      0 |     44 |    216 |   1 |  335.0 |
               +--------+--------+--------+--------+--------+-----+--------+

Top non-repeatable levels by time:
     D:6: 1477 daAuts
     D:7: 1379 daAuts
     D:4: 1311 daAuts
     D:5: 1245 daAuts
     D:2: 1229 daAuts
     D:3: 813 daAuts
     D:8: 732 daAuts
     D:1: 608 daAuts
     D:9: 381 daAuts
   Sewer: 335 daAuts
  Temple: 109 daAuts
